 Dungeon Crawl Stone Soup version 0.32-a0-473-gd044c6f0f0 (webtiles) character file.

Game seed: 13116088390029785571

13080 ezpacito the Trooper (level 11, 0/83 HPs)
             Began as a Demonspawn Chaos Knight on Feb 25, 2024.
             Was a Plaything of Xom.
             Killed by divine providence
             ... invoked by an orc priest
             ... summoned by an orange crystal statue
              (17 damage)
             ... on level 9 of the Dungeon.
             The game lasted 00:19:12 (7897 turns).

ezpacito the Trooper (Demonspawn Chaos Knight)      Turns: 7897, Time: 00:19:13

Health: 0/83       AC: 20    Str: 14      XL:     11   Next: 70%
Magic:  12/18      EV: 15    Int: 14      God:    Xom [*.....]
Gold:   566        SH:  9    Dex: 11 (12) Spells: 3/20 levels left

rFire   + . .        a - +0 hand axe (chaos)
rCold   + + .        g - +0 buckler
rNeg    . . .        q - +6 scale mail of Noskay {Will- Regen+ rCorr}
rPois   +            l - +2 hat
rElec   .            (cloak unavailable)
rCorr   +            t - +1 Delatra's gloves {ID++}
SInv    +            K - +0 pair of boots
Will    .....        m - amulet of reflection
Stlth   +            f - +5 ring of evasion
HPRegen 1.13/turn    o - ring of Caeqayta {rPois rC+ rCorr SInv}
MPRegen 0.16/turn

%: reflection
@: mighty, hasted, invisible, very quick
A: icy blue scales 1, ignite blood 1, powered by pain 1, weakness stinger 3,
antennae 1, cold resistance 1, fire resistance 1, strong-willed 1, sense
surroundings 1, weak 1
a: Renounce Religion


You were on level 9 of the Dungeon.
You worshipped Xom.
You were a special plaything of Xom.
You visited 2 branches of the dungeon, and saw 10 of its levels.
You also visited: Bailey.

You collected 595 gold pieces.
You spent 29 gold pieces at shops.

Inventory:

Hand Weapons
 a - a +0 hand axe of chaos (weapon)
 e - a +0 spectral battleaxe
 R - a +2 halberd of electrocution
 T - a +0 quick blade
Missiles
 b - a javelin
 d - 41 poisoned darts
 h - a throwing net
 n - a curare-tipped dart
 p - 2 boomerangs (quivered)
 D - 3 atropa-tipped darts
Armour
 g - a +0 buckler (worn)
 j - a +0 plate armour
 l - a +2 hat (worn)
 q - the +6 scale mail of Noskay (worn) {Will- Regen+ rCorr}
   (You found it on level 4 of the Dungeon)

   Will-:     It decreases your willpower.
   Regen+:    It increases your rate of health regeneration.
   rCorr:     It protects you from acid and corrosion.
 t - the +1 Delatra's gloves (worn) {ID++}
   (You found it on level 6 of the Dungeon)

   ID++:      It heals its wearer when they drink unknown potions, and restores
   their MP when they read unknown scrolls.
 z - an orb of mayhem
 K - a +0 pair of boots (worn)
Magical Staves
 v - a staff of earth
Jewellery
 f - a +5 ring of evasion (left hand)
 k - an amulet of regeneration
 m - an amulet of reflection (around neck)
 o - the ring of Caeqayta (right hand) {rPois rC+ rCorr SInv}
   (You found it on level 3 of the Dungeon)

   [ring of resist corrosion]

   rC+:       It protects you from cold.
   rPois:     It protects you from poison SInv: It lets you see invisible.
   rCorr:     It protects you from acid and corrosion.
 x - an amulet of magic regeneration
 F - a ring of wizardry
Talismans
 y - a maw talisman
Wands
 E - a wand of charming (18)
 H - a wand of flame (12)
Scrolls
 c - 5 scrolls of teleportation
 i - a scroll of fear
 r - 2 scrolls of immolation
 s - a scroll of enchant weapon
 u - 2 scrolls of enchant armour
 A - a scroll of poison
 B - a scroll of silence
 U - a scroll of identify
Potions
 w - a potion of curing
 G - 2 potions of resistance
 L - a potion of invisibility
 N - 3 potions of brilliance
 O - a potion of cancellation
 P - a potion of might
 S - a potion of lignification


   Skills:
 * Level 6.4 Fighting
 * Level 5.8(6.3) Axes
 + Level 3.6(5.2) Polearms
 * Level 5.4 Armour
 * Level 5.1 Dodging
 + Level 3.9 Stealth
 - Level 1.9 Shields
 * Level 5.0 Unarmed Combat
 * Level 5.0 Spellcasting
 + Level 3.7 Conjurations
 + Level 2.8 Hexes
 + Level 1.3 Summonings
 * Level 4.9 Necromancy
 - Level 2.2 Ice Magic
 - Level 2.3 Air Magic
 - Level 2.7 Earth Magic
 + Level 3.7 Alchemy
 + Level 3.3 Evocations
 - Level 1.1 Shapeshifting


You had 3 spell levels left.
You knew the following spells:

 Your Spells              Type           Power      Damage    Failure   Level
a - Mephitic Cloud        Conj/Alch/Air  12%        N/A       56%         3
b - Fugue of the Fallen   Necr           17%        N/A       34%         3
c - Ensorcelled Hibernat  Hex/Ice        20%        N/A       43%         2
d - Freezing Cloud        Conj/Ice/Air   5%         6-21      100%        5
e - Cigotuvi's Dreadful   Necr/Alch/Air  26%        N/A       30%         2
f - Call Imp              Summ           14%        N/A       61%         2

Your spell library contained the following spells:

 Spells                   Type           Power      Damage    Failure   Level
 Magic Dart               Conj           52%        1d5       21%         1
 Searing Ray              Conj           26%        2d5       30%         2
 Mercury Vapours          Alch/Air       24%        N/A       36%         2
 Passwall                 Erth           11%        N/A       65%         3
 Swiftness                Air            10%        N/A       71%         3
 Blink                    Tloc           6%         N/A       80%         2
 Anguish                  Hex/Necr       7%         N/A       88%         4
 Fulminant Prism          Conj/Alch      6%         3d7       89%         4
 Dimensional Bullseye     Hex/Tloc       3%         N/A       99%         4
 Iskenderun's Mystic Bla  Conj/Tloc      8%         2d4       99%         4
 Summon Lightning Spire   Summ/Air       8%         N/A       99%         4
 Vhi's Electric Charge    Tloc/Air       12%        N/A       99%         4
 Conjure Ball Lightning   Conj/Air       6%         3x3d6     100%        6
 Maxwell's Capacitive Co  Air            5%         ∞         100%        8
 Chain Lightning          Conj/Air       6%         3d8       100%        9
 Fire Storm               Conj/Fire      4%         8d1       100%        9
 Shatter                  Erth           5%         3d8*      100%        9


Dungeon Overview and Level Annotations

Branches:
Dungeon (9/15)             Temple (1/1) D:5          Bailey (visited)
   Lair: D:8-11         Orc: D:9-12

Altars:
Ashenzari
Cheibriados
Dithmenos
Fedhas
Gozag
Hepliaklqana
Kikubaaqudgha
Makhleb
Nemelex Xobeh
Okawaru
Qazlal
Ru
Sif Muna
Trog
Uskayaw
Vehumet
Wu Jian
Xom
Yredelemnul

Shops:
D:1 =   D:3 =(   D:6 (   D:7 =

Annotations:
D:6 2 transporters, retardedninja's ghost, novice MDFi
D:9 exclusion: orange crystal statue


Innate Abilities, Weirdness & Mutations

You are partially covered in icy blue scales. (AC +2)
Your demonic aura sometimes causes spilled blood to erupt in flames.
You sometimes gain a little power by taking damage.
You have a sharp stinger which inflicts weakening toxins.
You have a pair of small antennae on your head.
Your flesh is cold resistant. (rC+)
Your flesh is heat resistant. (rF+)
You are strong-willed. (Will+)
You passively map a small area around you.
You are weak. (Str -2)


Message History

You resist with some effort. The gnoll completely misses you.
The gnoll hits you but does no damage. The gnoll barely misses you.
The gnoll sergeant hits you from afar with a +0 trident.
You feel less confused. The gnoll attacks as it pursues you!
The gnoll misses you.
The orc priest calls down the wrath of Beogh upon you.
Beogh smites you!
* * * LOW HITPOINT WARNING * * *
You focus on the pain.
You feel mightier all of a sudden.
You hit the gnoll. You freeze the gnoll. You tail-slap the gnoll.
You kill the gnoll!
The gnoll's corpse dissolves into shadows!
The orange crystal statue glitters topaz in the dim dungeon light.
The gnoll barely misses you. The troll misses you.
You block the troll's attack. x2
The gnoll barely misses you.
The gnoll sergeant hits you but does no damage.
The gnoll closely misses you.
You fade into invisibility!
The troll misses you. You block the troll's attack.
The troll barely misses you. The gnoll closely misses you.
The gnoll sergeant hits you from afar with a +0 trident.
* * * LOW HITPOINT WARNING * * *
You block the orc priest's attack. The gnoll hits you but does no damage.
Unknown command.
You feel yourself speed up. The troll completely misses you.
The troll claws you but does no damage. x2; The gnoll closely misses you.
The gnoll sergeant hits you from afar with a +0 trident.
* * * LOW HITPOINT WARNING * * *
The orc priest closely misses you. The gnoll closely misses you.
You barely miss the troll. You slash the gnoll! You burn the gnoll.
You kill the gnoll!
The gnoll's corpse dissolves into shadows!
You hit the orc priest. The troll closely misses you.
The troll barely misses you. You block the troll's attack.
You block the gnoll sergeant's attack.
The orc priest mumbles some strange prayers to Beogh against you.
Beogh smites you!
You die...

#......I.....# #..#
#...........# #..#
#...........# #..###
#...........###.....
#...................
#...................
#...gg...........###
#..oT............#
#..@...††........#
#................###
#........†.........[
####################


You could see a troll (summoned, unable to see you), a gnoll sergeant (summoned,
unable to see you), an orc priest (summoned, unable to see you) and a gnoll
(summoned, unable to see you).

Vanquished Creatures
  A two-headed ogre (D:9)
  Pikel (D:8)
  Maurice (D:7)
  Psyche (D:8)
  A troll (D:9)
  A wyvern (D:8)
  2 steam dragons
  Edmund (D:5)
  A naga (D:6)
  Duvessa (D:7)
  2 orc warriors
  A sky beast (D:6)
  4 black bears
  An ogre (D:6)
  4 centaurs
  A lemure (D:8)
  2 kobold brigands (D:8)
  6 scorpions
  2 bullfrogs
  Dowan (D:7)
  4 wights (D:7)
  12 killer bees
  3 howler monkeys
  2 gnoll boudas
  3 orc priests
  Crazy Yiuf (D:7)
  3 hounds
  2 jellies
  2 iguanas (D:5)
  A sleepcap (D:6)
  7 orc wizards
  A mummy (D:5)
  30 gnolls
  5 adders
  2 white imps
  4 dart slugs
  5 ribbon worms
  30 orcs
  7 bats
  8 endoplasms
  7 giant cockroaches
  27 goblins
  29 hobgoblins
  12 jackals
  22 kobolds
  2 quokkas
  6 ball pythons
  5 frilled lizards
  A hobgoblin zombie (D:5)
  3 orc zombies (D:5)
  6 rats
287 creatures vanquished.

Vanquished Creatures (collateral kills)
  Eustachio (D:5)
  A black bear (D:5)
  4 killer bees (D:6)
  2 goblins (D:3)
  6 hobgoblins (D:3)
14 creatures vanquished.

Vanquished Creatures (others)
  A wight (D:7)
  A kobold (D:8)
2 creatures vanquished.

Grand Total: 303 creatures vanquished

Notes
Turn   | Place    | Note
-------+----------+-------------------------------------------
     0 | D:1      | ezpacito the Demonspawn Chaos Knight began the quest for
                  | the Orb.
     0 | D:1      | Reached XP level 1. HP: 18/18 MP: 1/1
    73 | D:1      | XOM: silly message
   140 | D:1      | XOM: divination: detect items
   161 | D:1      | XOM: silly message
   177 | D:1      | Reached skill level 1 in Dodging
   207 | D:1      | Gained mutation: Your demonic aura sometimes causes spilled
                  | blood to erupt in flames. [demonic ancestry]
   207 | D:1      | Reached XP level 2. HP: 19/24 MP: 2/2
   237 | D:1      | XOM: potion effect (invisibility)
   240 | D:1      | XOM: divination: detect items
   425 | D:1      | XOM: silly message
   458 | D:1      | Found a faded altar of an unknown god.
   536 | D:1      | Found Harphuna's Jewellery Shop.
   667 | D:1      | XOM: silly message
   947 | D:1      | Reached XP level 3. HP: 29/29 MP: 3/3
  1133 | D:1      | XOM: cloud trail
  1320 | D:2      | XOM: noise
  1380 | D:2      | Learned a level 3 spell: Mephitic Cloud
  1453 | D:2      | Found an iron altar of Okawaru.
  1922 | D:3      | Identified the ring of Caeqayta {rPois rC+ rCorr SInv}
  1945 | D:3      | Reached skill level 1 in Spellcasting
  1998 | D:3      | Gained mutation: You are partially covered in icy blue
                  | scales. (AC +2) [demonic ancestry]
  1998 | D:3      | Reached XP level 4. HP: 32/35 MP: 5/5
  2205 | D:3      | Reached skill level 1 in Unarmed Combat
  2216 | D:3      | Reached skill level 1 in Stealth
  2276 | D:3      | Reached XP level 5. HP: 41/41 MP: 6/6
  2574 | D:3      | Reached skill level 1 in Polearms
  2574 | D:3      | XOM: cast spell 'Summon Horrible Things'
  2685 | D:3      | Found Oharu's Jewellery Shoppe.
  2761 | D:3      | Found Ahoheo's Antique Weapon Emporium.
  3151 | D:3      | XOM: stat loss: -1 Int (12/13)
  3336 | D:4      | Reached XP level 6. HP: 46/48 MP: 8/8
  3415 | D:4      | Reached skill level 1 in Conjurations
  3415 | D:4      | Reached skill level 1 in Alchemy
  3478 | D:4      | Identified the +6 scale mail of Noskay {Will- Regen+ rCorr}
  3526 | D:4      | XOM: confuse monster(s)
  3579 | D:4      | XOM: give mutations
  3579 | D:4      | Gained mutation: You are agile. (Dex +4, Str/Int -1) [Xom's
                  | grace]
  3579 | D:4      | Gained mutation: You have sharp toenails. [Xom's grace]
  3579 | D:4      | Gained mutation: You expend magic power (3 MP) to
                  | strengthen your wands. [Xom's grace]
  3579 | D:4      | Gained mutation: You possess an exceptional clarity of
                  | mind. [Xom's grace]
  3582 | D:4      | XOM: give mutations
  3582 | D:4      | Gained mutation: Your flesh is heat resistant. (rF+) [Xom's
                  | mischief]
  3582 | D:4      | Gained mutation: You have hidden genetic defects. [Xom's
                  | mischief]
  3582 | D:4      | Gained mutation: Your flesh is very heat resistant. (rF++)
                  | [Xom's mischief]
  3582 | D:4      | Gained mutation: You have a pair of small antennae on your
                  | head. [Xom's mischief]
  3591 | D:4      | Lost mutation: You have sharp toenails. [potion of
                  | mutation]
  3591 | D:4      | Lost mutation: You expend magic power (3 MP) to strengthen
                  | your wands. [potion of mutation]
  3591 | D:4      | Lost mutation: You have a pair of small antennae on your
                  | head. [potion of mutation]
  3591 | D:4      | Gained mutation: You have a pair of small horns on your
                  | head. [potion of mutation]
  3591 | D:4      | Gained mutation: Your body sometimes deteriorates upon
                  | taking damage. [potion of mutation]
  3591 | D:4      | Gained mutation: You have large cloven feet. [potion of
                  | mutation]
  3592 | D:4      | Lost mutation: Your flesh is very heat resistant. (rF++)
                  | [potion of mutation]
  3592 | D:4      | Lost mutation: You are agile. (Dex +4, Str/Int -1) [potion
                  | of mutation]
  3592 | D:4      | Gained mutation: Your flesh is cold resistant. (rC+)
                  | [potion of mutation]
  3592 | D:4      | Gained mutation: You are strong-willed. (Will+) [potion of
                  | mutation]
  3592 | D:4      | Gained mutation: You are highly strong-willed. (Will++)
                  | [potion of mutation]
  3667 | D:4      | XOM: scenery: 1 doors open
  3770 | D:4      | XOM: give mutations
  3770 | D:4      | Lost mutation: You have a pair of small horns on your head.
                  | [Xom's mischief]
  3770 | D:4      | Gained mutation: Your body often deteriorates upon taking
                  | damage. [Xom's mischief]
  3770 | D:4      | Lost mutation: Your body often deteriorates upon taking
                  | damage. [Xom's mischief]
  3770 | D:4      | Lost mutation: You are highly strong-willed. (Will++)
                  | [Xom's mischief]
  3814 | D:4      | Reached skill level 4 in Fighting
  3840 | D:4      | Lost mutation: You possess an exceptional clarity of mind.
                  | [hidden defects]
  3858 | D:4      | Found an ancient bone altar of Kikubaaqudgha.
  3860 | D:4      | Found a stormy altar of Qazlal.
  3863 | D:4      | Found a blossoming altar of Fedhas.
  3864 | D:4      | Found a hazy altar of Hepliaklqana.
  3864 | D:4      | Found an iron altar of Okawaru.
  3864 | D:4      | Found a hide-covered altar of Uskayaw.
  3865 | D:4      | Found a radiant altar of Vehumet.
  3869 | D:4      | Found a sparkling altar of Nemelex Xobeh.
  3870 | D:4      | Found a sacrificial altar of Ru.
  3871 | D:4      | Found a burning altar of Makhleb.
  3974 | D:4      | XOM: god gift: dented zirconium amulet {god gift}
  3994 | D:5      | Entered Level 5 of the Dungeon
  4000 | D:5      | Found a staircase to the Ecumenical Temple.
  4001 | D:5      | XOM: summons friendly rust devil
  4005 | D:5      | Gained mutation: You have a small tail. [demonic ancestry]
  4005 | D:5      | Reached XP level 7. HP: 44/54 MP: 10/10
  4013 | D:5      | Noticed Eustachio
  4016 | D:5      | Gained mutation: You are weak. (Str -2) [hidden defects]
  4016 | D:5      | Lost mutation: You have hidden genetic defects. [hidden
                  | defects expressed]
  4023 | D:5      | Killed Eustachio
  4024 | D:5      | Reached skill level 1 in Evocations
  4034 | Temple   | Entered the Ecumenical Temple
  4098 | D:5      | XOM: fake destruction
  4232 | D:5      | Reached XP level 8. HP: 61/61 MP: 10/12
  4282 | D:5      | Noticed Edmund
  4297 | D:5      | Killed Edmund
  4420 | D:5      | XOM: god gift: scroll labelled VADUIH VILLOTIPNET {god
                  | gift}
  4421 | D:5      | XOM: cleaving
  4423 | D:5      | XOM: 1-stop teleportation journey
  4511 | D:5      | XOM: summons 2 friendly demons
  4607 | D:6      | XOM: noise
  4674 | D:6      | Found a transporter.
  4687 | D:6      | Learned a level 3 spell: Fugue of the Fallen
  4690 | D:6      | Learned a level 2 spell: Ensorcelled Hibernation
  4696 | D:6      | Learned a level 5 spell: Freezing Cloud
  4707 | D:6      | Found a transporter.
  4764 | D:6      | XOM: silly message
  4783 | D:6      | Noticed retardedninja's ghost (novice MDFi)
  4836 | D:6      | XOM: noise
  4882 | D:6      | Reached skill level 1 in Necromancy
  4950 | D:6      | XOM: blink monster(s)
  4965 | D:6      | XOM: swap monsters
  4969 | D:6      | Gained mutation: You sometimes gain a little power by
                  | taking damage. [demonic ancestry]
  4969 | D:6      | Reached XP level 9. HP: 67/67 MP: 12/14
  4971 | D:6      | XOM: blink monster(s)
  4974 | D:6      | XOM: scenery: create altars
  4977 | D:6      | XOM: summons 2 friendly demons
  4981 | D:6      | Reached skill level 5 in Fighting
  4981 | D:6      | Reached skill level 1 in Earth Magic
  5119 | D:6      | XOM: enchant monster (good)
  5123 | D:6      | Reached skill level 1 in Hexes
  5123 | D:6      | Reached skill level 1 in Air Magic
  5128 | D:6      | Found the +1 Delatra's gloves {ID++}
  5216 | D:6      | Found Piywoam's Weapon Shop.
  5233 | D:6      | Reached skill level 1 in Ice Magic
  5241 | D:6      | Bought 3 atropa-tipped darts for 29 gold pieces
  5456 | D:6      | XOM: 5-stop teleportation journey
  5735 | D:7      | XOM: scenery: create altars
  5760 | D:7      | Found Xaecuicu's One-of-a-Kind Rings.
  5766 | D:7      | Noticed Maurice
  5768 | D:7      | Noticed Duvessa
  5777 | D:7      | Killed Maurice
  5786 | D:7      | Killed Duvessa
  5790 | D:7      | Noticed Dowan
  5799 | D:7      | XOM: enchant monster (good)
  5803 | D:7      | Killed Dowan
  5853 | D:7      | XOM: cloud trail
  5878 | D:7      | XOM: fog
  6239 | D:7      | XOM: give mutations
  6239 | D:7      | Gained mutation: You passively map a small area around you.
                  | [Xom's grace]
  6239 | D:7      | Gained mutation: You expend magic power (3 MP) to
                  | strengthen your wands. [Xom's grace]
  6242 | D:7      | Found a runed translucent door.
  6243 | D:7      | Noticed Crazy Yiuf
  6444 | D:7      | Killed Crazy Yiuf
  6470 | D:7      | XOM: god gift: javelin
  6475 | D:8      | Noticed Psyche
  6475 | D:8      | XOM: 1-stop teleportation journey
  6502 | D:8      | Noticed Pikel
  6510 | D:8      | XOM: blink monster(s)
  6517 | D:8      | Killed Pikel
  6518 | D:8      | Reached skill level 5 in Axes
  6518 | D:8      | Gained mutation: You have a tail ending in a sharp stinger.
                  | [demonic ancestry]
  6518 | D:8      | Reached XP level 10. HP: 43/74 MP: 14/16
  6518 | D:8      | Killed Psyche
  6533 | D:8      | XOM: polymorph orc warrior -> frilled lizard
  6562 | D:8      | XOM: polymorph goblin -> quokka
  6883 | D:8      | Found a flagged portal.
  6884 | D:8      | XOM: scenery: create altars
  6888 | Bailey   | Entered a bailey
  6986 | Bailey   | XOM: silly message
  7220 | Bailey   | Acquired Sif Muna's Quarto of Twisted Ozone
  7328 | D:8      | Learned a level 2 spell: Cigotuvi's Dreadful Rot
  7331 | D:8      | Learned a level 2 spell: Call Imp
  7354 | D:9      | XOM: fog
  7483 | D:9      | XOM: polymorph acid dragon -> goblin
  7689 | D:9      | Noticed a two-headed ogre
  7691 | D:9      | XOM: summons 5 friendly demons
  7694 | D:9      | XOM: potion effect (attraction)
  7696 | D:9      | Killed a two-headed ogre
  7728 | D:9      | Noticed an orange crystal statue
  7742 | D:9      | XOM: enchant monster (good)
  7745 | D:9      | XOM: confuse monster(s)
  7772 | D:9      | Reached skill level 6 in Fighting
  7772 | D:9      | Reached skill level 5 in Armour
  7772 | D:9      | Reached skill level 5 in Dodging
  7772 | D:9      | Reached skill level 1 in Shields
  7772 | D:9      | Reached skill level 5 in Unarmed Combat
  7772 | D:9      | Reached skill level 5 in Spellcasting
  7772 | D:9      | Reached skill level 1 in Summonings
  7772 | D:9      | Reached skill level 1 in Shapeshifting
  7772 | D:9      | Gained mutation: You have a sharp stinger which inflicts
                  | weakening toxins. [demonic ancestry]
  7772 | D:9      | Reached XP level 11. HP: 42/83 MP: 13/18
  7775 | D:9      | Lost mutation: You expend magic power (3 MP) to strengthen
                  | your wands. [potion of mutation]
  7775 | D:9      | Lost mutation: You have large cloven feet. [potion of
                  | mutation]
  7775 | D:9      | Gained mutation: You have a pair of small antennae on your
                  | head. [potion of mutation]
  7775 | D:9      | Lost mutation: Your body sometimes deteriorates upon taking
                  | damage. [potion of mutation]
  7839 | D:9      | XOM: enchant monster (bad)
  7856 | D:9      | XOM: noise
  7866 | D:9      | XOM: enchant monster (good)
  7868 | D:9      | XOM: smoke on damage
  7876 | D:9      | XOM: summons friendly iron imp
  7897 | D:9      | Killed from afar by an orc priest

Illustrated notes

Levels and vault maps discovered:
D:1:      minmay_arrival_plants_in_alcoves, layout_basic, serial_shops,
          nicolae_square_shop, shapermc_ecumenical_altar_notcrosses, minivault_5
D:2:      layout_loops_ring, basic_altar
D:3:      minmay_goblin_kobold_castle, layout_loops_cross, serial_shops,
          nicolae_shop_hallway_plus, shop, kennysheep_small_spiral
D:4:      layout_basic, minitemple
D:5:      layout_basic, minmay_temple_entry_sparse_star, minmay_mini_ossuary,
          uniq_eustachio, uniq_edmund
D:6:      layout_layer_cave, gammafunk_ghost_stat_death, serial_shops, shop,
          st_stairs_14, pf_guarded_unrand_delatra
D:7:      layout_loops_ring, serial_bayou_pond_e, nicolae_shop_unique_rings,
          minmay_holes, uniq_duvessa, uniq_crazy_yiuf_cottage, uniq_maurice
D:8:      layout_cave_pools, enter_bailey_3, uniq_pikel, uniq_psyche
D:9:      layout_small_grid, minivault_16
Temple:   jpeg_temple_clearing

Skill      XL: |  1  2  3  4  5  6  7  8  9 10 |
---------------+-------------------------------+-----
Dodging        | 1 2 3 4 5 |  5.1
Armour         | 2 3 4 5 |  5.4
Axes           | 3 4 5 |  5.8
Spellcasting   | 1 2 3 4 5 |  5.0
Unarmed Combat | 1 2 3 4 5 |  5.0
Stealth        | 1 2 3 |  3.9
Polearms       | 1 2 3 |  3.6
Conjurations   | 1 2 3 |  3.7
Alchemy        | 1 2 3 |  3.7
Fighting       | 4 5 6 |  6.4
Evocations     | 1 2 3 |  3.3
Necromancy     | 1 3 4 |  4.9
Earth Magic    | 2 |  2.7
Hexes          | 2 |  2.8
Air Magic      | 1 2 |  2.3
Ice Magic      | 1 2 |  2.2
Shields        | 1 |  1.9
Summonings     | 1 |  1.3
Shapeshifting  | 1 |  1.1

Action                     |  1- 3 |  4- 6 |  7- 9 | 10-12 || total
---------------------------+-------+-------+-------+-------++-------
  Melee: Hand axe          |   149 |   247 |   330 |   266 ||   992
         Kick              |       |    10 |   100 |    48 ||   158
         Headbutt          |       |     1 |       |       ||     1
         Tailslap          |       |       |    57 |    33 ||    90
  Evoke: Wand              |       |       |       |     1 ||     1
    Use: Scroll            |     1 |     5 |    12 |     8 ||    26
         Potion            |       |     3 |    11 |     9 ||    23
   Stab: Sleeping          |     6 |     1 |       |       ||     7
         Invisible         |     1 |       |       |       ||     1
         Paralysed         |       |     2 |       |     2 ||     4
         Confused          |       |     3 |     8 |     3 ||    14
         Petrified         |       |       |     1 |     1 ||     2
         Distracted        |       |       |     1 |     1 ||     2
 Armour: Leather armour    |   112 |   152 |       |       ||   264
         Scale mail        |       |    28 |   443 |   296 ||   767
  Dodge: Dodged            |    98 |   163 |   284 |   452 ||   997
  Block: Other             |       |     1 |    56 |       ||    57
         Buckler           |       |       |    74 |   216 ||   290
         Reflection        |       |       |    10 |     4 ||    14

Table legend: (Time is in decaauts)
 A = Elapsed time spent in this place.
 B = Non-inter-level travel time spent in this place.
 C = Inter-level travel time spent in this place.
 D = Time resting spent in this place.
 E = Time spent auto-exploring this place.
 F = Levels seen in this place.
 G = Mean time per level.
                   A        B        C        D        E       F      G
               +--------+--------+--------+--------+--------+-----+--------+
         Total |   7997 |   7738 |    259 |     47 |   5336 |  11 |  727.0 |
       Dungeon |   7649 |   7390 |    259 |     47 |   5190 |   9 |  849.9 |
        Temple |      1 |      1 |      0 |      0 |      0 |   1 |    1.0 |
        Bailey |    346 |    346 |      0 |      0 |    146 |   1 |  346.0 |
               +--------+--------+--------+--------+--------+-----+--------+

Top non-repeatable levels by time:
     D:3: 1496 daAuts
     D:1: 1174 daAuts
     D:6: 1003 daAuts
     D:7: 879 daAuts
     D:4: 746 daAuts
     D:2: 635 daAuts
     D:5: 619 daAuts
     D:9: 555 daAuts
     D:8: 538 daAuts
  Bailey: 346 daAuts
  Temple: 1 daAuts
